 Dungeon Crawl Stone Soup version 0.21.1-1-g345015f (webtiles) character file.

6566 Mirai the Covert (level 10, -7/69 (70) HPs)
             Began as a Vampire Enchanter on Mar 16, 2018.
             Was a High Priest of Kikubaaqudgha.
             Mangled by soepske's ghost (12 damage)
             ... on level 9 of the Dungeon.
             The game lasted 00:46:28 (8968 turns).

Mirai the Covert (Vampire Enchanter)                Turns: 8968, Time: 00:46:29

HP:   -7/69 (70)    AC:  7    Str: 12    XL:     10   Next: 70%
MP:   3/17          EV: 17    Int: 17    God:    Kikubaaqudgha [*****.]
Gold: 757           SH:  0    Dex: 18    Spells: 4/19 levels left

rFire    . . .     SeeInvis +   L - +2 dagger (vamp)
rCold    . . .     Gourm    .   (no shield)
rNeg     + . .     Faith    +   p - +1 robe {MR+}
rPois    .         Spirit   .   (helmet restricted)
rElec    .         Reflect  .   (no cloak)
rCorr    .         Harm     .   l - +0 pair of gloves (curse)
MR       ++...                  B - +0 pair of boots
Stlth    ++++++....             S - amulet of faith
HPRegen  0.21/turn              e - +4 ring of strength
MPRegen  0.15/turn              j - ring of wizardry

@: about to teleport, very slightly contaminated
A: fangs 3, horns 1, slimy green scales 1, see invisible, unbreathing
a: Bat Form, Receive Corpses, Torment, Renounce Religion


You were on level 9 of the Dungeon.
You worshipped Kikubaaqudgha.
Kikubaaqudgha was extremely pleased with you.
You were not thirsty.

You visited 1 branch of the dungeon, and saw 9 of its levels.

You collected 757 gold pieces.

Inventory:

Hand Weapons
 q - a +2 dagger of draining
 E - a cursed -2 morningstar
 L - a +2 vampiric dagger (weapon)
Armour
 l - a cursed +0 pair of gloves (worn)
 o - a +2 robe of cold resistance
 p - a +1 robe of magic resistance (worn)
 B - a +0 pair of boots (worn)
Magical Staves
 K - an uncursed staff of power {unknown}
Jewellery
 e - a +4 ring of strength (left hand)
 h - an uncursed ring of protection from magic
 j - a ring of wizardry (right hand)
 S - an amulet of faith (around neck)
Wands
 a - a wand of disintegration (3)
 d - a wand of clouds (10)
 U - a wand of iceblast (10)
Scrolls
 g - 6 scrolls of remove curse
 k - a scroll of fear
 m - a scroll of amnesia
 t - 5 scrolls of identify
 v - a scroll of enchant weapon
 y - a scroll of random uselessness {unknown}
 G - a scroll of enchant armour {unknown}
 I - 4 scrolls of blinking {unknown}
 J - 2 scrolls of magic mapping
 P - 2 scrolls of immolation {unknown}
 Q - 2 scrolls of teleportation
 R - a scroll of vulnerability {unknown}
 T - a scroll of fog
Potions
 f - 2 potions of flight
 i - a potion of lignification {unknown}
 n - a potion of berserk rage
 r - 4 potions of curing
 w - 2 potions of agility
 x - 2 potions of might {unknown}
 A - 2 potions of mutation
 D - a potion of degeneration {unknown}
 M - 14 potions of blood
Books
 b - Sif Muna's Almanac of Dislocation
   (You found it on level 2 of the Dungeon)

   Spells                             Type                      Level
   a - Apportation                    Translocation                1
 c - a book of Maledictions

   Spells                             Type                      Level
   a - Corona                         Hexes                        1
   b - Ensorcelled Hibernation        Hexes/Ice                    2
   c - Confuse                        Hexes                        3
   d - Tukima's Dance                 Hexes                        3
   e - Dazzling Spray                 Conjuration/Hexes            3
 s - Kikubaaqudgha's Catalogue of Unholy Rites
   (Kikubaaqudgha gifted it to you on level 7 of the Dungeon)

   Spells                             Type                      Level
   a - Animate Dead                   Necromancy                   4
   b - Bolt of Draining               Conjuration/Necromancy       5
   c - Borgnjor's Vile Clutch         Necromancy/Earth             5
   d - Dispel Undead                  Necromancy                   5
   e - Simulacrum                     Ice/Necromancy               6
 u - a book of Maledictions

   Spells                             Type                      Level
   a - Corona                         Hexes                        1
   b - Ensorcelled Hibernation        Hexes/Ice                    2
   c - Confuse                        Hexes                        3
   d - Tukima's Dance                 Hexes                        3
   e - Dazzling Spray                 Conjuration/Hexes            3
 z - Kikubaaqudgha's Grimoire of Black Arts
   (Kikubaaqudgha gifted it to you on level 3 of the Dungeon)

   Spells                             Type                      Level
   a - Pain                           Necromancy                   1
   b - Corpse Rot                     Necromancy                   2
   c - Sublimation of Blood           Necromancy                   2
   d - Regeneration                   Charms/Necromancy            3
 C - the Disquisition on Shifting Air
   (You found it on level 9 of the Dungeon)

   Spells                             Type                      Level
   a - Shock                          Conjuration/Air              1
   b - Beastly Appendage              Transmutation                1
   c - Mephitic Cloud                 Conjuration/Poison/Air       3
   d - Summon Lightning Spire         Summoning/Air                4
   e - Alistair's Intoxication        Transmutation/Poison         5
   f - Deflect Missiles               Charms/Air                   6
 F - a book of Necromancy

   Spells                             Type                      Level
   a - Pain                           Necromancy                   1
   b - Animate Skeleton               Necromancy                   1
   c - Vampiric Draining              Necromancy                   3
   d - Regeneration                   Charms/Necromancy            3
   e - Animate Dead                   Necromancy                   4
   f - Borgnjor's Vile Clutch         Necromancy/Earth             5
 O - a book of Battle

   Spells                             Type                      Level
   a - Infusion                       Charms                       1
   b - Shroud of Golubria             Charms/Translocation         2
   c - Song of Slaying                Charms                       2
   d - Spectral Weapon                Hexes/Charms                 3
   e - Regeneration                   Charms/Necromancy            3


   Skills:
 + Level 3.5 Fighting
 + Level 6.4 Short Blades
 - Level 0.7 Armour
 + Level 6.6 Dodging
 * Level 13.3 Stealth
 + Level 5.1 Spellcasting
 + Level 10.9 Hexes
 * Level 3.5 Necromancy
 + Level 1.4 Ice Magic
 * Level 3.6 Evocations


You had 4 spell levels left.
You knew the following spells:

 Your Spells              Type           Power        Failure   Level  Hunger
a - Corona                Hex            #####..      1%          1    None
b - Ensorcelled Hibernat  Hex/Ice        ####..       1%          2    #......
c - Tukima's Dance        Hex            #####...     1%          3    ###....
d - Dispel Undead         Necr           ###.....     32%         5    ######.
e - Animate Dead          Necr           N/A          13%         4    ####...


Dungeon Overview and Level Annotations

Branches:
Dungeon (9/15)             Temple (0/1) D:4             Orc (0/2) D:9
   Lair: D:8-11

Altars:
Ashenzari
Cheibriados
Elyvilon
Hepliaklqana
Kikubaaqudgha
Nemelex Xobeh
Okawaru
Ru
Sif Muna
Trog
Uskayaw
Vehumet
Wu Jian
The Shining One

Shops:
D:7 !

Portals:
Ossuary: D:5

Annotations:
D:5 soepske's ghost, novice DsFi
D:9 soepske's ghost, novice DsFi


Innate Abilities, Weirdness & Mutations

You have razor-sharp teeth.
You have supernaturally acute eyesight. (SInv)
You can survive without breathing.
You have a pair of small horns on your head.
You are partially covered in slimy green scales. (AC +2)


Message History

Evoke which item? (* to show all) (? for menu, Esc to quit)
Aiming: Disintegrate
Press: ? - help, Shift-Dir - straight line, f/p - soepske's ghost
Aim: soepske's ghost (heavily damaged, chance to defeat MR: 41%) Soepske's ghost resists with some effort.
Soepske's ghost misses you.
Evoke which item? (* to show all) (? for menu, Esc to quit)
Aiming: Disintegrate
Press: ? - help, Shift-Dir - straight line, f/p - soepske's ghost
Aim: soepske's ghost (heavily damaged, chance to defeat MR: 41%) Soepske's ghost is blasted.
Soepske's ghost hits you!
* * * LOW HITPOINT WARNING * * *
Okay, then.
As you read the scroll of fear, it crumbles to dust.
You assume a fearsome visage.
Soepske's ghost is unaffected.
Soepske's ghost barely misses you.
As you read the scroll of teleportation, it crumbles to dust.
You feel strangely unstable. Soepske's ghost hits you!
You die...
Kikubaaqudgha rasps: "You have failed me!
Welcome... oblivion!"

####..##...##..##.#####.###
......#...###.####..##.....
#......####....##........
###...## #......##..###..
####...####.....####.# #.
#.......##..#....#.######.
#.....#.............8#...#.
###..##...W..........'.>.#.
#.# #...@..#......8#...#.
#.# #.........(...######.
#. #...#(..)).#### ... .
##..##(..).## #Y. ###
###%.###)#....# #..#
..###....###[##..## #.#
#.#.....##..##.###. #..
#.......#....### #. ##..
#............####. ##..#


You could see soepske's ghost.

Vanquished Creatures
  A hippogriff (D:8)
  5 yaks
  3 hogs (D:7)
  A human (D:7)
  A steam dragon (D:8)
  3 hungry ghosts
  A water moccasin (D:8)
  3 phantoms
  4 ice beasts
  2 orc warriors
  2 sky beasts
  A necrophage (D:7)
  2 black bears
  2 eyes of draining (D:4)
  4 ogres
  5 centaurs
  2 bullfrogs
  A wyvern zombie (D:7)
  Dowan (D:5)
  A water moccasin skeleton (D:6)
  12 killer bees
  4 howler monkeys
  A centaur zombie (D:8)
  5 crimson imps
  2 quasits
  6 hounds
  A jelly (D:8)
  An orc priest (D:8)
  A bullfrog skeleton (D:9)
  4 orc wizards
  3 iguanas
  Jessica (D:2)
  4 worker ants
  A hound zombie (D:6)
  3 gnolls (D:7)
  8 adders
  2 shadow imps
  3 oozes
  An adder skeleton (D:4)
  An adder zombie (D:9)
  3 worms
  3 dart slugs (D:1)
  5 leopard geckos
  34 orcs
  2 ball pythons (D:3)
  7 bats
  10 giant cockroaches
  7 hobgoblins
  10 jackals
  10 kobolds
  4 quokkas
  4 frilled lizards
  6 goblins
  A jackal skeleton (D:6)
  A jackal zombie (D:8)
  A leopard gecko skeleton (D:7)
  8 rats
225 creatures vanquished.

Vanquished Creatures (collateral kills)
  Psyche (D:9)
  Duvessa (D:5)
  An orc warrior (D:9)
  5 orcs
8 creatures vanquished.

Vanquished Creatures (others)
  3 dancing weapons
3 creatures vanquished.

Grand Total: 236 creatures vanquished

Notes
Turn   | Place    | Note
-------+----------+-------------------------------------------
     0 | D:1      | Mirai the Vampire Enchanter began the quest for the Orb.
     0 | D:1      | Reached XP level 1. HP: 13/13 MP: 3/3
   104 | D:1      | Reached skill level 5 in Stealth
   176 | D:1      | Reached XP level 2. HP: 19/19 MP: 5/5
   313 | D:1      | Learned a level 2 spell: Ensorcelled Hibernation
   659 | D:1      | Reached XP level 3. HP: 19/24 MP: 6/6
   853 | D:2      | Noticed Jessica
   946 | D:2      | Killed Jessica
   946 | D:2      | Reached XP level 4. HP: 5/31 MP: 0/7
  1059 | D:2      | Reached skill level 1 in Fighting
  1068 | D:2      | Reached skill level 5 in Hexes
  1201 | D:2      | Found a radiant altar of Vehumet.
  1205 | D:2      | Found an ancient bone altar of Kikubaaqudgha.
  1206 | D:2      | Found a deep blue altar of Sif Muna.
  1222 | D:2      | Became a worshipper of Kikubaaqudgha
  1229 | D:2      | Identified Sif Muna's Almanac of Dislocation
  1513 | D:3      | Learned a level 3 spell: Tukima's Dance
  1641 | D:3      | Reached skill level 6 in Stealth
  1809 | D:3      | Reached XP level 5. HP: 28/37 MP: 4/8
  2077 | D:3      | Reached * piety under Kikubaaqudgha
  2077 | D:3      | Identified Kikubaaqudgha's Grimoire of Black Arts (Kikubaaqudgha gifted it to you on level 3 of the Dungeon)
  2077 | D:3      | Received a gift from Kikubaaqudgha
  2188 | D:3      | Reached skill level 7 in Stealth
  2221 | D:3      | Found a snail-covered altar of Cheibriados.
  2617 | D:4      | Noticed an ice beast
  2631 | D:4      | Noticed an eye of draining
  2656 | D:4      | Killed an ice beast
  2656 | D:4      | Reached XP level 6. HP: 27/43 MP: 1/9
  2914 | D:4      | Reached ** piety under Kikubaaqudgha
  3187 | D:4      | Reached XP level 7. HP: 48/48 MP: 0/11
  3192 | D:4      | Reached skill level 8 in Stealth
  3238 | D:4      | Found a bloodstained altar of Trog.
  3395 | D:4      | Found a shattered altar of Ashenzari.
  3395 | D:4      | Found a hazy altar of Hepliaklqana.
  3395 | D:4      | Found an ornate altar of the Wu Jian Council.
  3395 | D:4      | Found a sparkling altar of Nemelex Xobeh.
  3402 | D:4      | Found a hide-covered altar of Uskayaw.
  3405 | D:4      | Found an iron altar of Okawaru.
  3447 | D:4      | Found a staircase to the Ecumenical Temple.
  3475 | D:5      | Entered Level 5 of the Dungeon
  3486 | D:5      | Noticed Duvessa
  3486 | D:5      | Noticed Dowan
  3534 | D:5      | Killed Duvessa
  3542 | D:5      | Found a sand-covered staircase.
  3552 | D:5      | Killed Dowan
  3570 | D:5      | Noticed soepske's ghost (novice DsFi)
  4239 | D:6      | Reached skill level 5 in Short Blades
  4239 | D:6      | Reached XP level 8. HP: 26/56 MP: 11/13
  4385 | D:6      | Reached skill level 9 in Stealth
  4499 | D:6      | Found a glowing golden altar of the Shining One.
  5072 | D:7      | Gained mutation: You are partially covered in slimy green scales. (AC +2) [potion of mutation]
  5072 | D:7      | Gained mutation: You have a pair of small horns on your head. [potion of mutation]
  5094 | D:7      | Reached skill level 10 in Stealth
  5107 | D:7      | Reached skill level 1 in Evocations
  5339 | D:7      | Reached XP level 9. HP: 60/62 MP: 11/14
  5594 | D:7      | Reached skill level 5 in Dodging
  5606 | D:7      | Reached *** piety under Kikubaaqudgha
  5606 | D:7      | Identified Kikubaaqudgha's Catalogue of Unholy Rites (Kikubaaqudgha gifted it to you on level 7 of the Dungeon)
  5606 | D:7      | Received a gift from Kikubaaqudgha
  5711 | D:7      | Found a sacrificial altar of Ru.
  5873 | D:7      | Reached skill level 11 in Stealth
  5895 | D:7      | Learned a level 5 spell: Dispel Undead
  6015 | D:7      | Reached skill level 10 in Hexes
  6058 | D:7      | Reached skill level 1 in Necromancy
  6091 | D:7      | Found Sivod's Distillery.
  6547 | D:8      | Reached skill level 12 in Stealth
  6559 | D:8      | Reached XP level 10. HP: 34/70 MP: 5/16
  6845 | D:8      | Reached **** piety under Kikubaaqudgha
  7290 | D:9      | Noticed soepske's ghost (novice DsFi)
  7429 | D:8      | Reached skill level 13 in Stealth
  7630 | D:9      | Reached skill level 1 in Ice Magic
  7674 | D:9      | Found a white marble altar of Elyvilon.
  7729 | D:9      | Reached skill level 5 in Spellcasting
  8166 | D:9      | Noticed Psyche
  8214 | D:9      | Killed Psyche
  8320 | D:9      | Learned a level 4 spell: Animate Dead
  8461 | D:9      | Identified the Disquisition on Shifting Air
  8500 | D:9      | Reached ***** piety under Kikubaaqudgha
  8856 | D:9      | Found a staircase to the Orcish Mines.
  8968 | D:9      | Mangled by soepske's ghost

Skill      XL: |  1  2  3  4  5  6  7  8  9 10 |
---------------+-------------------------------+-----
Stealth        | 5 6 7 8 10 12 13 | 13.3
Short Blades   | 2 3 4 5 6 |  6.4
Fighting       | 1 2 3 |  3.5
Hexes          | 5 6 7 8 10 | 10.9
Dodging        | 3 4 5 6 |  6.6
Spellcasting   | 3 4 5 |  5.1
Evocations     | 1 2 3 |  3.6
Necromancy     | 2 3 |  3.5
Ice Magic      | 1 |  1.4
Armour         | |  0.7

Action                   |  1- 3 |  4- 6 |  7- 9 | 10-12 || total
-------------------------+-------+-------+-------+-------++-------
Melee: Dagger            |   177 |   253 |   407 |   309 ||  1146
       Bite              |    16 |    23 |    48 |    43 ||   130
       Headbutt          |       |       |    30 |    69 ||    99
 Cast: Corona            |     5 |     2 |     9 |     3 ||    19
       Ensorcelled Hiber |     7 |    22 |    45 |    42 ||   116
       Tukima's Dance    |       |     1 |     4 |     4 ||     9
       Dispel Undead     |       |       |       |     2 ||     2
Evoke: Wand              |       |       |       |     4 ||     4
  Use: Scroll            |       |     8 |     1 |     2 ||    11
       Potion            |       |     5 |     6 |     1 ||    12
 Stab: Sleeping          |     6 |    18 |    34 |    25 ||    83
       Distracted        |       |       |       |     1 ||     1
  Eat: Corpse            |     8 |    10 |    15 |     7 ||    40
Armor: Robe              |    31 |    67 |    93 |    78 ||   269
       Leather armour    |    17 |     2 |       |       ||    19
       Skin              |     1 |       |       |       ||     1
Dodge: Dodged            |   157 |   125 |   227 |   267 ||   776
